 Dungeon Crawl Stone Soup version 0.27-a0-1317-gd1140b374c (console) character file.

Game seed: 8640309324246581474

821 FullyGoyle the Chopper (level 7, -5/42 HPs)
             Began as a Gargoyle Fighter on June 21, 2021.
             Was a Believer of Uskayaw.
             Slain by Duvessa (7 damage)
             ... on level 4 of the Dungeon.
             The game lasted 00:13:57 (4441 turns).

FullyGoyle the Chopper (Gargoyle Fighter)           Turns: 4441, Time: 00:13:58

Health: -5/42      AC: 13    Str: 22    XL:     7   Next: 95%
Magic:  0/8        EV:  7    Int:  8    God:    Uskayaw [**....]
Gold:   57         SH:  9    Dex:  9    Spells: 6/6 levels left

rFire    . . .     SeeInvis .   a - +0 war axe (flame)
rCold    . . .     Faith    .   i - +0 kite shield
rNeg     + . .     Spirit   +   b - +0 scale mail
rPois    ∞         Reflect  .   (no helmet)
rElec    +         Harm     .   (no cloak)
rCorr    .         Rampage  .   (no gloves)
Will     .....                  m - +0 pair of boots
Stlth    ..........             p - amulet of guardian spirit
HPRegen  0.14/turn              (no ring)
MPRegen  0.11/turn              (no ring)

@: very slightly contaminated, invisible
A: sickness immunity, AC +4, negative energy resistance 1, electricity
resistance, torment resistance 1, petrification resistance
a: Renounce Religion, Stomp, Line Pass


You were on level 4 of the Dungeon.
You worshipped Uskayaw.
Uskayaw was noncommittal.
You visited 1 branch of the dungeon, and saw 4 of its levels.

You collected 127 gold pieces.
You spent 70 gold pieces at shops.

Inventory:

Hand Weapons
 a - a +0 war axe of flaming (weapon)
 e - a +0 spear
Missiles
 c - 111 stones
 f - 3 javelins (quivered)
 w - 2 boomerangs
Armour
 b - a +0 scale mail (worn)
 i - a +0 kite shield (worn)
 j - a +0 tower shield
 m - a +0 pair of boots (worn)
Jewellery
 p - an amulet of guardian spirit (around neck)
 q - a ring of wizardry
Scrolls
 h - 4 scrolls of teleportation
 n - 2 scrolls of fog
 o - a scroll of enchant weapon {unknown}
 s - a scroll of identify
 v - a scroll of holy word {unknown}
 x - a scroll of vulnerability {unknown}
Potions
 d - a potion of might
 g - 3 potions of curing
 r - 2 potions of magic
 t - a potion of brilliance {unknown}
 u - a potion of attraction {unknown}
 z - 2 potions of mutation {unknown}


   Skills:
 + Level 3.9 Fighting
 * Level 6.9 Axes
 + Level 4.3 Armour
 + Level 0.7 Dodging
 + Level 3.6 Shields
 * Level 2.3 Invocations


You had 6 spell levels left.
You didn't know any spells.
Your spell library was empty.

Dungeon Overview and Level Annotations

Branches:
Dungeon (4/15)
 Temple: D:4-7

Altars:
Cheibriados
Dithmenos
Elyvilon
Uskayaw

Shops:
D:2 ?

Portals:
Abyss: D:3

Annotations:
D:3 2 transporters, Conn's ghost, amateur OpFE
D:4 Duvessa


Innate Abilities, Weirdness & Mutations

You are immune to sickness and miasma.
Your stone body is resilient. (AC +4)
You are immune to poison.
You resist negative energy. (rN+)
You are resistant to electric shocks. (rElec)
You are resistant to unholy torment.
You are immune to petrification.


Message History

You feel much better. You block Duvessa's attack.
Duvessa hits you but does no damage.
Duvessa hits you with a +0 short sword of speed.
You fade into invisibility!
Duvessa hits you but does no damage. You block Duvessa's attack.
You are very lightly contaminated with residual magic.
You catch the helpless Duvessa completely off-guard!
You hit Duvessa. You burn Duvessa.
Duvessa is lightly wounded.
Duvessa hits you with a +0 short sword of speed!
Duvessa hits you but does no damage. You block Duvessa's attack.
You slash Duvessa! You burn Duvessa.
Duvessa is heavily wounded.
Duvessa barely misses you. Duvessa completely misses you.
Duvessa hits you with a +0 short sword of speed!
You slash Duvessa! You burn Duvessa.
Duvessa is heavily wounded.
You block Duvessa's attack. x2; Duvessa barely misses you. x2
You can now pass through a line of other dancers.
Okay, then.
Unknown command.
You don't have enough magic at the moment.
You barely miss Duvessa.
Duvessa is heavily wounded.
Duvessa hits you with a +0 short sword of speed. x2
* * * LOW HITPOINT WARNING * * *
Duvessa barely misses you.
You slash Duvessa! You burn Duvessa.
Duvessa is almost dead.
You block Duvessa's attack. x2; Duvessa barely misses you.
You hit Duvessa. You burn Duvessa.
Duvessa is almost dead.
Duvessa hits you with a +0 short sword of speed.
* * * LOW HITPOINT WARNING * * *
Duvessa hits you but does no damage.
Duvessa hits you with a +0 short sword of speed!
* * * LOW HITPOINT WARNING * * *
Duvessa is no longer berserk.
Duvessa hits you with a +0 short sword of speed!
You die...

..# #.......#.[.#....# #[.##
..####.....###.......###..#
...#.........###.##..##...##
.#########....#.....####...#
.# ###.>..###..#.#...# .#
######...#..#.....# .# .
#..####.#........## .# .
#...###....#.##.## ..###'
##.#.##.#@(.##.#### ....
#..#....e..#####
..e##..#....#.##
#..........###
#...###.....## #...#
##.....# ###.###.....##
##...#..#..### #......##.##


You could see Duvessa (slow).

Vanquished Creatures
  Grinder (D:4)
  Menkaure (D:4)
  An ogre (D:4)
  A bullfrog (D:3)
  Dowan (D:4)
  An orc priest (D:4)
  Natasha (thrice) (D:2)
  An orc wizard (D:4)
  A hound skeleton (D:4)
  A howler monkey skeleton (D:4)
  3 gnolls (D:4)
  5 adders
  3 worms
  7 orcs (D:4)
  6 bats
  5 endoplasms
  7 goblins
  9 hobgoblins
  2 quokkas (D:2)
  3 ball pythons
  3 frilled lizards
  7 kobolds
  4 rats
76 creatures vanquished.

Notes
Turn   | Place    | Note
-------+----------+-------------------------------------------
     0 | D:1      | FullyGoyle the Gargoyle Fighter began the quest for the
                  | Orb.
     0 | D:1      | Reached XP level 1. HP: 14/14 MP: 1/1
   186 | D:1      | Reached skill level 2 in Axes
   284 | D:1      | Reached XP level 2. HP: 19/19 MP: 2/2
   957 | D:2      | Reached skill level 3 in Axes
   957 | D:2      | Reached XP level 3. HP: 11/23 MP: 3/3
  1269 | D:2      | Noticed Natasha
  1275 | D:2      | Killed Natasha
  1276 | D:2      | Reached XP level 4. HP: 17/28 MP: 4/4
  1405 | D:2      | Noticed Natasha
  1444 | D:2      | Reached skill level 4 in Axes
  1503 | D:2      | Killed Natasha
  1639 | D:2      | Found a faded altar of an unknown god.
  1861 | D:2      | Noticed Natasha
  1912 | D:2      | Reached XP level 5. HP: 10/32 MP: 5/5
  2393 | D:2      | Killed Natasha
  2666 | D:2      | Found Neivoam's Magic Scroll Shoppe.
  2676 | D:2      | Bought a scroll of identify for 20 gold pieces
  2676 | D:2      | Bought a scroll of teleportation for 30 gold pieces
  2678 | D:2      | Bought a scroll of identify for 20 gold pieces
  2773 | D:3      | Noticed a small abomination
  2872 | D:3      | Found a white marble altar of Elyvilon.
  2901 | D:3      | Found a one-way gate to the infinite horrors of the Abyss.
  2901 | D:3      | Noticed Conn's ghost (amateur OpFE)
  2917 | D:3      | Found a shadowy altar of Dithmenos.
  2919 | D:3      | Found a transporter.
  2939 | D:3      | Found a transporter.
  2954 | D:3      | Noticed a +0 spear
  2954 | D:3      | Noticed a +0 short sword
  2954 | D:3      | Noticed a +0 falchion
  2955 | D:3      | Noticed a +0 spear
  2956 | D:3      | Noticed a +0 falchion
  2956 | D:3      | Noticed a +0 short sword
  2957 | D:3      | Noticed a +0 dagger
  2957 | D:3      | Noticed a +0 dagger
  2963 | D:3      | Found a hide-covered altar of Uskayaw.
  2979 | D:3      | Became a worshipper of Uskayaw the Reveller
  3067 | D:3      | Found a snail-covered altar of Cheibriados.
  3072 | D:3      | Reached * piety under Uskayaw
  3080 | D:3      | Reached skill level 5 in Axes
  3567 | D:4      | Reached XP level 6. HP: 37/37 MP: 6/6
  3656 | D:4      | Noticed Duvessa
  3676 | D:4      | Reached ** piety under Uskayaw
  3689 | D:4      | Reached *** piety under Uskayaw
  3923 | D:4      | Reached skill level 1 in Invocations
  4130 | D:4      | Noticed Grinder
  4131 | D:4      | Noticed Menkaure
  4140 | D:4      | Reached XP level 7. HP: 41/41 MP: 7/7
  4145 | D:4      | Reached skill level 6 in Axes
  4147 | D:4      | Killed Menkaure
  4148 | D:4      | Reached **** piety under Uskayaw
  4150 | D:4      | Killed Grinder
  4392 | D:4      | Noticed Dowan
  4405 | D:4      | Killed Dowan
  4440 | D:4      | HP: 1/42 [Duvessa (7)]
  4441 | D:4      | Slain by Duvessa

Illustrated notes

Levels and vault maps discovered:
D:1:      lemuel_arrival_rhombus, layout_basic
D:2:      layout_rooms, ebering_ecumenical_altar_sacrificial, serial_shops,
          nicolae_lakefront_shop, uniq_natasha
D:3:      layout_loops_ring, nicolae_uskayaw_en_pointe, old_standard_altar,
          lemuel_crystal_altar, nicolae_overflow_hidden_temple,
          gammafunk_ghost_abyssal_escape
D:4:      layout_cave_pools, grunt_temple_overflow_gold_and_silver,
          st_stairs_14, minmay_misc_feat_diagonals, minmay_misc_feat_chi,
          uniq_grinder, uniq_duvessa, uniq_menkaure

Skill      XL: |  1  2  3  4  5  6  7 |
---------------+----------------------+-----
Axes           | 2 3 4 5 6 |  6.9
Invocations    | 1 2 |  2.3
Armour         | 4 |  4.3
Fighting       | |  3.9
Dodging        | |  0.7
Shields        | |  3.6

Action                   |  1- 3 |  4- 6 |  7- 9 || total
-------------------------+-------+-------+-------++-------
Melee: War axe           |    66 |   185 |    39 ||   290
  Use: Scroll            |       |     6 |       ||     6
       Potion            |       |       |     2 ||     2
 Stab: Invisible         |       |       |     1 ||     1
       Paralysed         |       |       |     1 ||     1
Armor: Scale mail        |    37 |   101 |    20 ||   158
Dodge: Dodged            |    24 |    62 |    15 ||   101
Block: Kite shield       |    39 |    70 |    21 ||   130

Table legend: (Time is in decaauts)
 A = Elapsed time spent in this place.
 B = Non-inter-level travel time spent in this place.
 C = Inter-level travel time spent in this place.
 D = Time resting spent in this place.
 E = Time spent auto-exploring this place.
 F = Levels seen in this place.
 G = Mean time per level.
                   A        B        C        D        E       F      G
               +--------+--------+--------+--------+--------+-----+--------+
         Total |   4593 |   4364 |    229 |   1103 |   2258 |   4 | 1148.2 |
       Dungeon |   4593 |   4364 |    229 |   1103 |   2258 |   4 | 1148.2 |
               +--------+--------+--------+--------+--------+-----+--------+

Top non-repeatable levels by time:
     D:2: 1445 daAuts
     D:1: 1399 daAuts
     D:3: 880 daAuts
     D:4: 868 daAuts
